 Dungeon Crawl Stone Soup version 0.24.0-1-gfbc8707122 (webtiles) character file.

Game seed: 10795959381512729150, levelgen mode: deterministic

82 Conn the Firebug (level 4, -3/27 HPs)
             Began as an Octopode Fire Elementalist on Oct 26, 2019.
             Slain by a hobgoblin (5 damage)
             ... on level 3 of the Dungeon.
             The game lasted 00:04:48 (1278 turns).

Conn the Firebug (Octopode Fire Elementalist)       Turns: 1278, Time: 00:04:49

Health: -3/27      AC:  1    Str: 10    XL:     4   Next: 43%
Magic:  0/7        EV: 13    Int: 18    God:
Gold:   33         SH:  0    Dex: 12    Spells: 7/8 levels left

rFire    . . .     SeeInvis .   q - -1 dagger (curse)
rCold    . . .     Gourm    .   (no shield)
rNeg     . . .     Faith    .   (helmet restricted)
rPois    .         Spirit   .   (no amulet)
rElec    .         Reflect  .   f - +3 ring of strength
rCorr    .         Harm     .   (no ring)
MR       .....                  (no ring)
Stlth    +++.......             (no ring)
HPRegen  0.09/turn              (no ring)
MPRegen  0.10/turn              (no ring)
                                (no ring)
                                (no ring)

@: no status effects
A: almost no armour, stealthy swim, amphibious, 8 rings, constrict 8, camouflage
1, gelatinous body 1
a: no special abilities


You were on level 3 of the Dungeon.
You were hungry.

You visited 1 branch of the dungeon, and saw 3 of its levels.

You collected 33 gold pieces.

Inventory:

Hand Weapons
 j - a +0 dagger
 q - a cursed -1 dagger (weapon)
Missiles
 a - 23 poisoned darts (quivered)
Jewellery
 f - a +3 ring of strength (left tentacle)
 p - an uncursed ring of ice
Scrolls
 h - 2 scrolls of identify {unknown}
 k - a scroll of blinking {unknown}
 l - a scroll of enchant armour {unknown}
 o - a scroll of enchant weapon {unknown}
Potions
 c - a potion of flight {unknown}
 e - a potion of mutation {unknown}
 g - a potion of resistance {unknown}
 i - a potion of berserk rage {unknown}
 m - a potion of invisibility {unknown}
 n - a potion of haste {unknown}
Comestibles
 b - 4 rations
 d - 7 chunks of flesh


   Skills:
 + Level 0.1 Fighting
 + Level 0.3 Short Blades
 + Level 2.2 Dodging
 + Level 3.4 Stealth
 - Level 0.2 Unarmed Combat
 + Level 2.5 Spellcasting
 + Level 1.3 Conjurations
 + Level 4.0 Fire Magic


You had 7 spell levels left.
You knew the following spells:

 Your Spells              Type           Power        Failure   Level  Hunger
a - Flame Tongue          Conj/Fire      ##...        6%          1    #......

Your spell library contained the following spells:

 Spells                   Type           Power        Failure   Level  Hunger
 Throw Flame              Conj/Fire      ##....       9%          2    ##.....
 Conjure Flame            Conj/Fire      ##......     17%         3    ###....
 Inner Flame              Hex/Fire       #.......     22%         3    ###....
 Sticky Flame             Conj/Fire      ##......     50%         4    #####..
 Fireball                 Conj/Fire      ##........   85%         5    ######.


Dungeon Overview and Level Annotations

Branches:
Dungeon (3/15)

Altars:


Innate Abilities, Weirdness & Mutations

You cannot wear most types of armour.
You are very stealthy in the water. (Stealth+)
You are amphibious.
You can wear up to eight rings at the same time.
You can use your tentacles to constrict eight enemies at once.
Your skin changes colour to match your surroundings (Stealth+).
Your rubbery body absorbs attacks. (AC +1, EV +1)


Message History

The hobgoblin barely misses you.
Casting: Flame Tongue (safe; 6% risk of failure)
Confirm with . or Enter, or press ? or * to list all spells.
Aiming: Flame Tongue (safe; 6% risk of failure)
Press: ? - help, Shift-Dir - straight line, f/p - hobgoblin
Aim: a hobgoblin (moderately wounded)
The flame tongue hits the hobgoblin but does no damage.
The hobgoblin is moderately wounded.
You are feeling hungry.
The hobgoblin hits you.
* * * LOW HITPOINT WARNING * * *
Casting: Flame Tongue (safe; 6% risk of failure)
Confirm with . or Enter, or press ? or * to list all spells.
Aiming: Flame Tongue (safe; 6% risk of failure)
Press: ? - help, Shift-Dir - straight line, f/p - hobgoblin
Aim: a hobgoblin (moderately wounded)
The flame tongue hits the hobgoblin.
The hobgoblin is almost dead.
The hobgoblin hits you.
You die...

# # #. .### #.
... ##.# #.##
#..8#8..#
##...@...##
..#.!##g##..###
<.........^....
#.###.#.#..###.
#$)..<.....#
#.###.#.#..#
##........
#.###.## ### .#


You could see a hobgoblin.

Vanquished Creatures
  2 gnolls (D:2)
  An adder (D:2)
  An ooze (D:1)
  A worm (D:2)
  3 dart slugs (D:1)
  3 bats (D:1)
  A giant cockroach (D:1)
  6 goblins
  6 hobgoblins
  4 jackals (D:1)
  2 ball pythons
  4 frilled lizards (D:1)
  3 kobolds
  2 rats (D:1)
39 creatures vanquished.

Notes
Turn   | Place    | Note
-------+----------+-------------------------------------------
     0 | D:1      | Conn the Octopode Fire Elementalist began the quest for the
                  | Orb.
     0 | D:1      | Reached XP level 1. HP: 11/11 MP: 3/3
   282 | D:1      | Reached XP level 2. HP: 17/17 MP: 5/5
   652 | D:1      | Reached XP level 3. HP: 20/21 MP: 0/6
  1168 | D:2      | Reached skill level 4 in Fire Magic
  1202 | D:2      | Reached XP level 4. HP: 25/27 MP: 4/7
  1278 | D:3      | Slain by a hobgoblin

Levels and vault maps discovered:
D:1:      mushboom_english_gardens, layout_rooms, corexii_leaking_fountain,
          minmay_liquid_box
D:2:      layout_basic, nicolae_overflow_hidden_temple
D:3:      layout_loops_ring, led_xom_imps, cheibrodos_sewer_entry_drain,
          first_ration, minmay_statues_item

Skill      XL: |  1  2  3 |
---------------+----------+-----
Stealth        | 3 |  3.4
Fire Magic     | 4 |  4.0
Fighting       | |  0.1
Short Blades   | |  0.3
Dodging        | |  2.2
Unarmed Combat | |  0.2
Spellcasting   | |  2.5
Conjurations   | |  1.3

Action                   |  1- 3 |  4- 6 || total
-------------------------+-------+-------++-------
Melee: Unarmed           |    41 |       ||    41
       Constrict         |    18 |     1 ||    19
       Tentacles         |    10 |       ||    10
       Dagger            |    14 |     3 ||    17
 Cast: Flame Tongue      |    27 |    12 ||    39
 Stab: Sleeping          |     5 |       ||     5
  Eat: Chunk             |     1 |       ||     1
Armor: Skin              |     5 |       ||     5
Dodge: Dodged            |    43 |     6 ||    49
